AoeStats
← [TUC] P E L U S A

Nomad

510001761Analyzed
3v3 RM · 3d ago on Sep 29, 2026· 36m 54s· 6 players
Game mode
Random Map
Map size
210×210
Population
200
Speed
Normal
Resources
Standard
Victory
Conquest
Starting age
Dark Age
Ending age
Imperial Age
RankedLock teamsTeams togetherTeam positionsShared explorationLock speedFull tech treeHidden civsTurbo modeCheats
Victory
Defeat
🇺🇸 Lithuanians · United States
1384
+13
🇺🇸 Koreans · United States
1382
+13
🇺🇸 Varangians · United States
1370
+14
🇦🇷 Malay · Argentina
1434
-17
🇩🇰 Varangians · Denmark
1278
-12
🇦🇷 Spanish · Argentina
1259
-11
[TUC]Morants
5:43 Loom
14:59 Feudal Age
15:03 Double-Bit Axe
15:09 Fishing Lines
19:51 Fletching
22:22 Castle Age
22:56 Gillnets
23:45 Wheelbarrow
28:05 Thalassocracy
31:53 Bow Saw
36:06 Forging
[TUC] NAGES
4:15 Loom
14:54 Feudal Age
19:49 Castle Age
22:04 Padded Archer Armor
32:40 Double-Bit Axe
37:07 Medium Warships
[TUC] P E L U S A
3:12 Loom
12:45 Feudal Age
17:26 Castle Age
15:29 Stone Mining
15:29 Double-Bit Axe
16:13 Town Watch
16:58 Gold Mining
17:14 Horse Collar
18:08 Fletching
19:20 Bow Saw
24:10 Scale Barding Armor
26:36 Wheelbarrow
28:56 Bloodlines
30:53 Bodkin Arrow
31:01 Husbandry
33:26 Hand Cart
38:21 Imperial Age
35:28 Light Cavalry
Gilboy
6:34 Loom
12:46 Feudal Age
14:17 Double-Bit Axe
17:16 Castle Age
19:46 Horse Collar
21:57 Wheelbarrow
21:39 Scale Barding Armor
22:18 Bloodlines
23:22 Forging
25:35 Fletching
26:49 Fervor
27:18 Bodkin Arrow
29:41 Sanctity
30:25 Hand Cart
36:30 Imperial Age
34:12 Gold Mining
35:29 Chain Barding Armor
35:45 Iron Casting
35:19 Heavy Plow
35:37 Bow Saw
35:46 Town Watch
36:33 Elite Leitis
License to Boom
5:10 Loom
15:11 Feudal Age
16:18 Double-Bit Axe
18:25 Fishing Lines
20:57 Castle Age
19:59 Bloodlines
21:16 Scale Barding Armor
23:40 Wheelbarrow
24:24 Chain Barding Armor
24:32 Forging
26:46 Bow Saw
33:16 Fletching
34:05 Iron Casting
34:27 Husbandry
34:34 Vendel Legacy
GrizzlyBob
5:50 Loom
13:17 Feudal Age
14:58 Double-Bit Axe
17:23 Castle Age
16:16 Stone Mining
17:19 Wheelbarrow
16:44 Town Watch
17:09 Gold Mining
18:12 Wheelbarrow
18:02 Fletching
19:57 Scale Barding Armor
20:59 Bodkin Arrow
28:44 Gold Mining
29:14 Hand Cart
32:38 Imperial Age
31:05 Horse Collar
35:37 Crossbowman
Connection lost

Rejoining the realm…

Still unreachable

The connection could not be restored.

Session expired

The server has moved on; the page needs a fresh start.